 Dungeon Crawl Stone Soup version 0.32-a0-314-g526f7d4993 (webtiles) character file.

Game seed: 14462235103232892905

375 zeratav the Trooper (level 6, 0/45 HPs)
             Began as an Octopode Shapeshifter on Feb 15, 2024.
             Slain by an ogre
             ... wielding a +0 giant spiked club
              (14 damage)
             ... on level 4 of the Dungeon.
             The game lasted 00:02:33 (2747 turns).

zeratav the Trooper (Octopode Shapeshifter)         Turns: 2747, Time: 00:02:34

Health: 0/45       AC:  1    Str: 15    XL:     6   Next: 72%
Magic:  6/6        EV: 13    Int: 13    God:
Gold:   162        SH:  0    Dex: 11    Spells: 5/5 levels left

rFire   . .          .
                       - Unarmed
rCold   . . .        (no shield)
rNeg    + . .        (helmet currently unavailable)
rPois   .            (no amulet)
rElec   .            i - ring of positive energy
rCorr   .            (no ring)
SInv    .            (no ring)
Will    .....        (no ring)
Stlth   ++           (no ring)
HPRegen 0.27/turn    (no ring)
MPRegen 0.10/turn    (no ring)
                     (no ring)

%: no passive effects
@: lethally poisoned (0 -> -3), beast-form
A: beast (slay +2), almost no armour, amphibious, 8 rings, camouflage 1,
gelatinous body 1, (nimble swimmer 1), tentacles
a: Begin Untransformation


You were on level 4 of the Dungeon.
You were a hulking beast.
You visited 1 branch of the dungeon, and saw 4 of its levels.

You collected 162 gold pieces.


Innate Abilities, Weirdness & Mutations

You are a hulking beast.
Your limbs bulge with bestial killing power. (Slay +2)
You cannot wear most types of armour.
You are amphibious.
You can wear up to eight rings at the same time.
Your skin changes colour to match your surroundings (Stealth+).
Your rubbery body absorbs attacks. (AC +1, EV +1)
((You are camouflaged when in or above water. (Stealth+)))
You have tentacles for arms and can constrict up to eight enemies at once.


   Skills:
 - Level 5.0 Fighting
 - Level 2.0 Dodging
 - Level 3.0 Unarmed Combat
 + Level 5.0 Shapeshifting


You had 5 spell levels left.
You didn't know any spells.
Your spell library was empty.

Inventory:

Jewellery
 i - a ring of positive energy (left tentacle)
   (You found it on level 1 of the Dungeon)
 m - an amulet of faith {!P}
   (You found it on level 2 of the Dungeon)
Talismans
 b - a beast talisman (active)
 c - a flux talisman
Scrolls
 d - 4 scrolls of identify {unknown}
 f - a scroll of fear {unknown}
 j - a scroll of enchant armour {unknown}
 k - a scroll of revelation {unknown}
 o - a scroll of teleportation {unknown}
 q - a scroll of acquirement {unknown}
 r - a scroll of noise {unknown}
Potions
 a - a potion of lignification {!q}
 e - 2 potions of enlightenment {unknown}
 g - 2 potions of haste {unknown}
 h - 2 potions of degeneration {unknown}
 l - 2 potions of attraction {unknown}
 n - a potion of curing {unknown}
 p - a potion of might {unknown}

Dungeon Overview and Level Annotations

Branches:
Dungeon (4/15) Zot: 21259
 Temple: D:4-7

Altars:
Xom

###.......# #....
#.......### ......
##.......#### ......
##...........# .....
#.......###..###
#...# #.....###
#....##..# ##...##
##....)..#
####.#######....S..#
#.#.............h.##
#....##...#......O.#
.....#...##....#.###
.##..........#....
.##...........".S..
....................
#.#................
##......#...........
)#......#...


You could see a water moccasin, an ogre and an adder.


Message History

You barely miss the bullfrog. You grab the bullfrog.
You constrict the bullfrog. The bullfrog hits you.
HP[-3]
You take 3 damage, and now have 40/45 hp.
You bludgeon the bullfrog! You squeeze the bullfrog.
You constrict the bullfrog.
The bullfrog hits you but does no damage.
You tentacle-slap the bullfrog. x2; You constrict the bullfrog.
The bullfrog completely misses you. The bullfrog hits you.
HP[-1]
You take 1 damage, and now have 39/45 hp.
You tentacle-slap the bullfrog.
You kill the bullfrog!
HP[+1] No target in view!
No target in view!
No target in view!
No target in view!
No target in view!
No target in view!
No target in view!
No target in view!
No target in view!
No target in view!
No target in view!
No target in view!
A kobold comes into view. It is wielding a +0 whip.
HP[+5]
Your hp is fully restored (45).
A kobold is nearby!
A kobold is nearby!
An ogre comes into view. It is wielding a +0 giant spiked club.
The kobold shouts!
You hear a bark!
The ogre shouts!
You hear an angry hiss.
A hound comes into view.
The ogre moves out of view.
You hear an angry hiss.
You hear a bark!
An adder comes into view.
You barely miss the kobold. You grab the kobold. You constrict the kobold.
You kill the kobold!
The hound barely misses you.
You tentacle-slap the hound. You grab the hound.
You constrict the hound, but do no damage.
The hound bites you. x2
HP[-6]
You take 6 damage, and now have 39/45 hp.
You tentacle-slap the hound. You squeeze the hound.
You constrict the hound, but do no damage.
The hound closely misses you. The ogre closely misses you.
The adder barely misses you.
You tentacle-slap the hound but do no damage.
You constrict the hound. The hound closely misses you. The adder bites you.
The hound bites you but does no damage.
The ogre hits you with a +0 giant spiked club!
HP[-12]
You take 12 damage, and now have 27/45 hp.
MASSIVE DAMAGE!! (PAUSE)
You tentacle-slap the hound but do no damage.
You constrict the hound. The hound closely misses you. The adder bites you.
HP[-2]
You take 2 damage, and now have 25/45 hp.
You tentacle-slap the hound but do no damage.
You constrict the hound.
You kill the hound!
The adder bites you. The ogre barely misses you.
Your Shapeshifting skill increases to level 5!
You tentacle-slap the ogre. The adder bites you.
* * * LOW HITPOINT WARNING * * *
You are too injured to fight recklessly!
HP[-3]
You take 3 damage, and now have 22/45 hp.
You are too injured to fight recklessly!
You are too injured to fight recklessly!
You are too injured to fight recklessly!
You are too injured to fight recklessly!
You are too injured to fight recklessly!
You are too injured to fight recklessly!
You are too injured to fight recklessly!
You are too injured to fight recklessly!
You are too injured to fight recklessly!
You are too injured to fight recklessly!
You are too injured to fight recklessly!
You are too injured to fight recklessly!
You tentacle-slap the ogre. The adder bites you.
* * * LOW HITPOINT WARNING * * *
You are poisoned.
The adder poisons you! The ogre closely misses you.
A water moccasin comes into view.
The adder bites you.
* * * LOW HITPOINT WARNING * * *
HP[-6]
You take 6 damage, and now have 16/45 hp.
You tentacle-slap the ogre.
You feel sick. The adder misses you. The ogre misses you.
HP[-2]
You take 2 damage, and now have 14/45 hp.
You tentacle-slap the ogre. You squeeze the ogre! The adder closely misses you.
HP[+1]
You completely miss the ogre.
You feel sick. The adder closely misses you.
The ogre hits you with a +0 giant spiked club!
You die...

Skill      XL: |  1  2  3  4  5  6 |
---------------+-------------------+-----
Fighting       | 2 3 4 5 |  5.0
Shapeshifting  | 5 |  5.0
Dodging        | |  2.0
Unarmed Combat | |  3.0

Action                     |  1- 3 |  4- 6 || total
---------------------------+-------+-------++-------
  Melee: Unarmed           |    46 |   120 ||   166
         Tentacles         |     7 |    32 ||    39
         Constrict         |    14 |    39 ||    53
         Punch             |       |     6 ||     6
   Stab: Sleeping          |     5 |     8 ||    13
 Armour: Skin              |    16 |    62 ||    78
  Dodge: Dodged            |    24 |    95 ||   119

Levels and vault maps discovered:
D:1:      doesnt_arrival_eight_statues, layout_basic, minmay_shallow_snake_nest
D:2:      minmay_alternating_diamond, layout_basic, basic_altar
D:3:      layout_rooms, minmay_misc_feat_encased, uniq_robin, uniq_jessica
D:4:      layout_cave_pools, mainiacjoe_overflow_swirl, uniq_grinder

Notes
Turn   | Place    | Note
-------+----------+-------------------------------------------
     0 | D:1      | zeratav the Octopode Shapeshifter began the quest for the
                  | Orb.
     0 | D:1      | Reached XP level 1. HP: 13/13 MP: 1/1
     0 | D:1      | magus.rc [v1.9.6]
    16 | D:1      | Reached skill level 2 in Fighting
    16 | D:1      | Reached XP level 2. HP: 18/19 MP: 2/2
   204 | D:1      | Reached skill level 3 in Fighting
   204 | D:1      | Reached XP level 3. HP: 26/26 MP: 3/3
   644 | D:1      | Reached XP level 4. HP: 33/33 MP: 4/4
  1014 | D:2      | Reached skill level 4 in Fighting
  1476 | D:2      | Reached XP level 5. HP: 38/38 MP: 5/5
  1543 | D:2      | Found a shimmering altar of Xom.
  1969 | D:3      | Noticed Robin
  1969 | D:3      | Noticed Jessica
  1975 | D:2      | Reached skill level 5 in Fighting
  2076 | D:2      | Killed Robin
  2182 | D:3      | Killed Jessica
  2301 | D:3      | Reached XP level 6. HP: 45/45 MP: 6/6
  2348 | D:3      | Reached skill level 4 in Shapeshifting
  2743 | D:4      | Reached skill level 5 in Shapeshifting
  2744 | D:4      | Noticed a water moccasin
  2747 | D:4      | Slain by an ogre

Vanquished Creatures
  A bullfrog (D:4)
  An orc priest (D:3)
  A hound (D:4)
  Jessica (D:3)
  Robin (D:2)
  A gnoll (D:1)
  2 adders
  4 dart slugs
  2 ribbon worms (D:2)
  8 orcs
  5 ball pythons
  7 endoplasms
  19 goblins
  7 hobgoblins
  7 jackals (D:2)
  5 kobolds
  3 quokkas
  10 bats
  6 frilled lizards
  4 rats
95 creatures vanquished.

Table legend:
 A = Non-vault XP
 B = Vault XP
 C = Vault XP percentage of total XP
 D = Non-vault monster count
 E = Vault monster count
 F = Vault count percentage of total count
                 A         B        C        D         E       F
            +---------+---------+-------+---------+---------+-------
      Total |     428 |     108 |  20.1 |      73 |      22 |  23.2
            +---------+---------+-------+---------+---------+-------
        D:1 |      90 |       3 |   3.2 |      26 |       1 |   3.7
        D:2 |     100 |      64 |  39.0 |      29 |      19 |  39.6
        D:3 |     102 |      41 |  28.7 |      15 |       2 |  11.8
        D:4 |     136 |       0 |   0.0 |       3 |       0 |   0.0
            +---------+---------+-------+---------+---------+-------

Skill      XL: |  1  2  3  4  5  6 |
---------------+-------------------+-----
Fighting       | 2 3 4 5 |  5.0
Shapeshifting  | 5 |  5.0
Dodging        | |  2.0
Unarmed Combat | |  3.0

Action                     |  1- 3 |  4- 6 || total
---------------------------+-------+-------++-------
  Melee: Unarmed           |    46 |   120 ||   166
         Tentacles         |     7 |    32 ||    39
         Constrict         |    14 |    39 ||    53
         Punch             |       |     6 ||     6
   Stab: Sleeping          |     5 |     8 ||    13
 Armour: Skin              |    16 |    62 ||    78
  Dodge: Dodged            |    24 |    95 ||   119

Illustrated notes

Table legend:
 A = Kills in this place as a percentage of kills in the entire game.
 B = Kills by you in this place as a percentage of kills by you in the entire game.
 C = Kills by friends in this place as a percentage of kills by friends in the entire game.
 D = Other kills in this place as a percentage of other kills in the entire game.
 E = Experience gained in this place as a percentage of experience gained in the entire game.
 F = Experience gained in this place divided by the number of levels of this place that you have seen.
                   A       B       C       D       E      F
               +-------+-------+-------+-------+-------+----------------------
         Total | 100.0 | 100.0 |   N/A |   N/A | 100.0 | 134.0
       Dungeon | 100.0 | 100.0 |   N/A |   N/A | 100.0 | 134.0
               +-------+-------+-------+-------+-------+----------------------

Table legend: (Time is in decaauts)
 A = Elapsed time spent in this place.
 B = Non-inter-level travel time spent in this place.
 C = Inter-level travel time spent in this place.
 D = Time resting spent in this place.
 E = Time spent auto-exploring this place.
 F = Levels seen in this place.
 G = Mean time per level.
                   A        B        C        D        E       F      G
               +--------+--------+--------+--------+--------+-----+--------+
         Total |   2739 |   2696 |     43 |    169 |   2085 |   4 |  684.8 |
       Dungeon |   2739 |   2696 |     43 |    169 |   2085 |   4 |  684.8 |
               +--------+--------+--------+--------+--------+-----+--------+

Top non-repeatable levels by time:
     D:2: 1216 daAuts
     D:1: 945 daAuts
     D:3: 496 daAuts
     D:4: 81 daAuts
